 Dungeon Crawl Stone Soup version 0.31.0-32-g396128a36d (webtiles) character file.

Game seed: 14883431915186058288

30429 DemonSlayer the Geomancer (level 13, -43/88 HPs)
             Began as a Demonspawn Earth Elementalist on Apr 22, 2024.
             Was the Champion of Cheibriados.
             Annihilated by Rupert
             ... wielding a +1 heavy battleaxe
              (54 damage)
             ... on level 4 of the Lair of Beasts.
             The game lasted 00:33:39 (19921 turns).

DemonSlayer the Geomancer (DsEE)                   Turns: 19921, Time: 00:33:40

Health: -43/88     AC: 16    Str: 28    XL:     13   Next: 20%
Magic:  23/37      EV: 22    Int: 41    God:    Cheibriados [******]
Gold:   771        SH:  0    Dex: 33    Spells: 17/34 levels left

rFire   . . .        g - +4 rapier "Heym" {pain, rF- Str+4 Int+6 SInv}
rCold   . . .        m - orb {*channel}
rNeg    . . .        P - +5 ring mail "Qairhi" {rF+}
rPois   .            C - +2 helmet {SInv}
rElec   .            A - +1 cloak
rCorr   .            (no gloves)
SInv    +            (no boots)
Will    .....        w - amulet of regeneration
Stlth   +++          s - +5 ring of evasion
HPRegen 1.14/turn    F - ring of magical power
MPRegen 0.25/turn

%: channel magic (20%)
@: very slow
A: claws 1, demonic guardian 3, ignite blood 2, big brain 2
a: Renounce Religion, Bend Time, Temporal Distortion, Slouch, Step From Time


You were on level 4 of the Lair of Beasts.
You worshipped Cheibriados.
Cheibriados was exalted by your worship.
You visited 3 branches of the dungeon, and saw 16 of its levels.
You also visited: Ossuary and Bailey.

You collected 771 gold pieces.

Inventory:

Hand Weapons
 g - the +4 rapier "Heym" (weapon) {pain, rF- Str+4 Int+6 SInv}
   (You took it off a hobgoblin on level 2 of the Dungeon)

   Str+4:     It affects your strength (+4).
   Int+6:     It affects your intelligence (+6).
   rF-:       It makes you vulnerable to fire.
   SInv:      It lets you see invisible.
Missiles
 v - 18 curare-tipped darts
Armour
 m - an orb of energy (worn)
 A - a +1 cloak (worn)
 C - a +2 helmet of see invisible (worn)
 P - the +5 ring mail "Qairhi" (worn) {rF+}
   (You found it on level 3 of the Lair of Beasts)

   rF+:       It protects you from fire.
Jewellery
 s - a +5 ring of evasion (left claw)
 w - an amulet of regeneration (around neck)
 y - a ring of see invisible
 D - a ring of protection from cold
 F - a ring of magical power (right claw)
 K - a ring of poison resistance
Wands
 d - a wand of mindburst (13)
 f - a wand of iceblast (8)
 j - a wand of paralysis (17)
 B - a wand of acid (6)
 M - a wand of digging (8)
Scrolls
 a - 2 scrolls of amnesia
 b - 2 scrolls of revelation
 c - 5 scrolls of noise
 i - 2 scrolls of enchant armour
 l - 4 scrolls of fog
 t - 6 scrolls of enchant weapon
 u - 3 scrolls of vulnerability
 x - 2 scrolls of fear
 z - 3 scrolls of teleportation
 I - a scroll of silence
 J - a scroll of identify
 O - a scroll of blinking
Potions
 e - 3 potions of curing
 k - 3 potions of resistance
 n - 4 potions of mutation
 o - 4 potions of attraction
 p - 3 potions of lignification
 q - a potion of ambrosia
 r - a potion of magic
 E - a potion of brilliance
 G - a potion of heal wounds
 H - 2 potions of berserk rage
 L - a potion of enlightenment


   Skills:
 + Level 3.8 Fighting
 + Level 4.4 Short Blades
 + Level 5.9 Armour
 + Level 5.2 Dodging
 + Level 5.2 Stealth
 + Level 11.2 Spellcasting
 + Level 9.8 Conjurations
 + Level 11.5 Earth Magic
 + Level 0.1 Evocations


You had 17 spell levels left.
You knew the following spells:

 Your Spells              Type           Power      Damage    Failure   Level
a - Sandblast             Erth           100%       2d20      1%          1
b - Stone Arrow           Conj/Erth      100%       3d13      1%          3
c - Passwall              Erth           87%        N/A       1%          3
d - Petrify               Alch/Erth      63%        N/A       8%          4
e - Brom's Barrelling Bo  Conj/Erth      84%        2d10      2%          4
f - Blink                 Tloc           46%        N/A       11%         2

Your spell library contained the following spells:

 Spells                   Type           Power      Damage    Failure   Level
 Momentum Strike          Conj/Tloc      100%       3d10      3%          2
 Lesser Beckoning         Tloc           46%        N/A       11%         2
 Inner Flame              Hex/Fire       23%        N/A       17%         3
 Ozocubu's Armour         Ice            23%        N/A       17%         3
 Irradiate                Conj/Alch      29%        3d21      21%         5
 Manifold Assault         Tloc           23%        N/A       41%         4
 Metabolic Englaciation   Hex/Ice        11%        N/A       71%         5
 Dispersal                Tloc           11%        N/A       99%         6
 Sculpt Simulacrum        Ice/Alch       11%        N/A       99%         6
 Disjunction              Tloc           11%        N/A       100%        8
 Ignition                 Fire           11%        3d5       100%        8


Dungeon Overview and Level Annotations

Branches:
Dungeon (10/15)            Temple (1/1) D:4            Lair (5/5) D:10
 Shoals (0/4) Lair:3       Spider (0/4) Lair:2      Ossuary (visited)
 Bailey (visited)
  Slime: Lair:4-5       Orc: D:9-12

Altars:
Ashenzari
Cheibriados
Dithmenos
Fedhas
Gozag
Hepliaklqana
Kikubaaqudgha
Makhleb
Nemelex Xobeh
Okawaru
Qazlal
Ru
Sif Muna
Trog
Uskayaw
Vehumet
Wu Jian
Xom
Yredelemnul

Shops:
D:6 (

Annotations:
D:8 2 transporters, exclusion: obsidian statue
Lair:4 Rupert


Innate Abilities, Weirdness & Mutations

You have sharp fingernails.
A powerful demonic guardian rushes to your aid.
Your demonic aura often causes spilled blood to erupt in flames.
You have an extremely huge brain. (Int +4)


Message History

Confirm with . or Enter, or press ? or * to list all spells.
Aiming: Stone Arrow (safe; 1% risk of failure)
Press: ? - help, Shift-Dir - straight line, f/p - Rupert
Aim: Rupert, wielding a +1 heavy battleaxe and wearing a +0 leather armour (flame, moderately wounded, berserk, very poisoned, slow, covered in acid, ally target, 78% to hit)
The stone arrow hits Rupert!!
Rupert is heavily wounded.
Rupert is engulfed in blazing flames.
Rupert hits you with a +1 heavy battleaxe!!
* * * LOW HITPOINT WARNING * * *
Rupert hits your balrug with a +1 heavy battleaxe!!
Your balrug barely misses Rupert.
Unknown command.
Unknown command.
Casting: Stone Arrow (safe; 1% risk of failure)
Confirm with . or Enter, or press ? or * to list all spells.
Aiming: Stone Arrow (safe; 1% risk of failure)
Press: ? - help, Shift-Dir - straight line, f/p - Rupert
Aim: Rupert, wielding a +1 heavy battleaxe and wearing a +0 leather armour (flame, heavily wounded, berserk, poisoned, slow, covered in acid, ally target, 78% to hit)
The stone arrow hits Rupert!
Rupert is heavily wounded.
Magical energy flows into your mind!
Rupert is no longer moving slowly.
Rupert is no longer covered in acid.
Your balrug hits Rupert with a +0 demon whip of electrocution.
Rupert is engulfed in flames!!
Lightning courses through Rupert!!
Rupert is engulfed in blazing flames.
Rupert hits you with a +1 heavy battleaxe!
* * * LOW HITPOINT WARNING * * *
Rupert hits your balrug with a +1 heavy battleaxe!
Casting: Stone Arrow (safe; 1% risk of failure)
Confirm with . or Enter, or press ? or * to list all spells.
Aiming: Stone Arrow (safe; 1% risk of failure)
Press: ? - help, Shift-Dir - straight line, f/p - Rupert
Aim: Rupert, wielding a +1 heavy battleaxe and wearing a +0 leather armour (flame, almost dead, berserk, poisoned, ally target, 78% to hit)
The stone arrow hits Rupert!
Rupert is almost dead.
Your balrug closely misses Rupert.
Rupert is engulfed in blazing flames.
Rupert hits you with a +1 heavy battleaxe!!!
Ouch! That really hurt!
You die...
Rupert roars with triumph.

.##..##...[.......#......###....#
##....~....#...#.###......#.....'
#...#..~~~..##...####.>..########
......~≈≈≈~..#+.+P##.....## ##
....~~~≈≈≈≈~..............######.
....~≈≈≈≈~≈......................
....~~≈≈≈~......2................
##..≈≈≈≈~~<....○○@##.....####...#
.#..~≈≈≈≈....#.○@..#.....##.#....
#...~≈≈≈~~~..#............#....#.
##...~≈~≈....#....#.......#......
#.....≈.~...##...........##......
#....###....##.....#.............
#....# #....##.....#.............
###..###....#.....##.....#.......
###.........##.#.###......#...##.
#.##...#....####..##.......######


You could see Rupert (berserk, poisoned, ally target) and a friendly balrug
(summoned).

Vanquished Creatures
  4 hydras
  2 catoblepae (Lair:3)
  A boulder beetle (Lair:2)
  A two-headed ogre (D:9)
  6 death yaks
  A phantasmal warrior (Lair:3)
  An oklob plant (Lair:1)
  Maurice (D:7)
  A merfolk siren (Lair:3)
  3 elephants (Lair:4)
  A torpor snail (Lair:2)
  2 black mambas (Lair:4)
  A gargoyle (D:10)
  5 cane toads
  Jeremiah (D:6)
  Maggie (D:9)
  A rime drake (Lair:4)
  3 komodo dragons
  3 merfolk (Lair:3)
  A polar bear (Lair:1)
  A troll (D:9)
  3 dream sheep (Lair:2)
  8 blink frogs
  14 yaks
  2 shadows (D:10)
  2 wraiths
  5 wyverns
  A human (Lair:3)
  A basilisk (Lair:1)
  2 steam dragons (D:8)
  An acid dragon (D:8)
  8 water moccasins
  2 black bears
  3 orc warriors
  An ice beast (D:7)
  2 ogres
  2 centaurs
  19 wolves
  2 elf zombies (Ossuary)
  8 kobold brigands
  13 bullfrogs
  2 gnoll sergeants (D:10)
  2 elf skeletons (D:6)
  3 scorpions
  A burial acolyte (Ossuary)
  10 wights
  18 killer bees
  An electric eel (Lair:3)
  A centaur zombie (Ossuary)
  13 orc priests
  3 hounds
  2 human zombies
  6 jellies
  A spectral scorpion (Ossuary)
  A gnoll bouda (D:9)
  3 iguanas
  2 sleepcaps
  12 orc wizards
  A human skeleton (D:6)
  A bullfrog simulacrum (Ossuary)
  3 mummies (Ossuary)
  13 gnolls
  7 adders
  A shadow imp (D:7)
  2 white imps
  2 ufetubi (D:6)
  10 adder zombies (Ossuary)
  3 dart slugs (D:4)
  2 ribbon worms (D:4)
  40 orcs
  7 bats
  4 endoplasms
  3 giant cockroaches
  2 gnoll zombies (Ossuary)
  7 goblins
  7 hobgoblins
  10 jackals (D:1)
  18 kobolds
  6 quokkas
  11 ball pythons
  4 ball python zombies (Ossuary)
  5 frilled lizards
  3 jackal zombies (Ossuary)
  2 kobold zombies (Ossuary)
  2 orc skeletons (D:6)
  An orc zombie (Ossuary)
  14 rats
412 creatures vanquished.

Vanquished Creatures (collateral kills)
  A basilisk (Lair:2)
  An orc priest (D:4)
  An iguana (D:5)
  2 orcs (D:4)
5 creatures vanquished.

Grand Total: 417 creatures vanquished

Notes
Turn   | Place    | Note
-------+----------+-------------------------------------------
     0 | D:1      | DemonSlayer the Demonspawn Earth Elementalist began the
                  | quest for the Orb.
     0 | D:1      | Reached XP level 1. HP: 13/13 MP: 3/3
   234 | D:2      | Gained mutation: Your demonic aura sometimes causes spilled
                  | blood to erupt in flames. [demonic ancestry]
   234 | D:2      | Reached XP level 2. HP: 15/19 MP: 0/5
   653 | D:2      | Identified the +4 rapier "Heym" {pain, rF- Str+4 Int+6
                  | SInv}
   700 | D:2      | Gained mutation: Your demonic aura often causes spilled
                  | blood to erupt in flames. [demonic ancestry]
   700 | D:2      | Reached XP level 3. HP: 9/24 MP: 1/6
   789 | D:2      | Found a faded altar of an unknown god.
  1093 | D:2      | Learned a level 3 spell: Stone Arrow
  1573 | D:1      | Gained mutation: A weak demonic guardian rushes to your
                  | aid. [demonic ancestry]
  1573 | D:1      | Reached XP level 4. HP: 28/31 MP: 3/8
  1873 | D:1      | Learned a level 3 spell: Passwall
  2229 | D:3      | Reached skill level 1 in Fighting
  2229 | D:3      | Reached skill level 1 in Short Blades
  2233 | D:3      | Reached XP level 5. HP: 13/37 MP: 1/9
  2831 | D:4      | Noticed an ogre
  2835 | D:4      | Killed an ogre
  2836 | D:4      | Gained mutation: You have sharp fingernails. [demonic
                  | ancestry]
  2836 | D:4      | Reached XP level 6. HP: 43/43 MP: 3/11
  3474 | D:4      | Reached XP level 7. HP: 31/48 MP: 1/13
  3864 | D:4      | Found a shimmering blue altar of Sif Muna.
  4208 | D:4      | Found a staircase to the Ecumenical Temple.
  4214 | Temple   | Entered the Ecumenical Temple
  4236 | Temple   | Became a worshipper of Cheibriados the Contemplative
  4274 | D:5      | Entered Level 5 of the Dungeon
  4438 | D:5      | Reached skill level 5 in Earth Magic
  4821 | D:5      | Reached skill level 5 in Spellcasting
  4961 | D:5      | Gained mutation: A demonic guardian rushes to your aid.
                  | [demonic ancestry]
  4961 | D:5      | Reached XP level 8. HP: 56/56 MP: 5/15
  5081 | D:5      | Reached * piety under Cheibriados
  6309 | D:6      | Found a sand-covered staircase.
  6318 | Ossuary  | Entered an ossuary
  6644 | Ossuary  | Reached ** piety under Cheibriados
  7191 | D:6      | Noticed Jeremiah
  7236 | D:6      | Killed Jeremiah
  7237 | D:6      | Gained mutation: A powerful demonic guardian rushes to your
                  | aid. [demonic ancestry]
  7237 | D:6      | Reached XP level 9. HP: 22/61 MP: 0/18
  7698 | D:6      | Found Iduydyaf's Weapon Emporium.
  8401 | D:6      | Learned a level 4 spell: Petrify
  8406 | D:6      | Learned a level 4 spell: Brom's Barrelling Boulder
  8407 | D:6      | Identified a scroll of acquirement
  8407 | D:6      | Acquired the +5 ring mail of Cautz {Dex+3}
  9109 | D:7      | Reached *** piety under Cheibriados
  9750 | D:7      | Noticed Maurice
  9753 | D:7      | Paralysed by Maurice for 3 turns
  9757 | D:7      | Killed Maurice
  9758 | D:7      | Reached skill level 1 in Armour
  9879 | D:8      | Reached skill level 5 in Conjurations
 10054 | D:8      | Noticed a troll
 10054 | D:8      | Noticed a catoblepas
 10058 | D:8      | Found a transporter.
 10058 | D:8      | Found a transporter.
 10058 | D:8      | Noticed a cyclops
 10058 | D:8      | Noticed an obsidian statue
 10059 | D:8      | Noticed a boulder beetle
 10065 | D:8      | Noticed a boulder beetle
 10067 | D:8      | Gained mutation: You have an unusually large brain. (Int
                  | +2) [demonic ancestry]
 10067 | D:8      | Reached XP level 10. HP: 68/68 MP: 21/21
 10118 | D:8      | Reached **** piety under Cheibriados
 11792 | D:9      | Noticed a two-headed ogre
 11796 | D:9      | Killed a two-headed ogre
 11988 | D:9      | Noticed Maggie
 11993 | D:9      | Killed Maggie
 12420 | D:9      | Reached ***** piety under Cheibriados
 12882 | D:10     | Entered Level 10 of the Dungeon
 12939 | D:10     | Found a flagged portal.
 12953 | Bailey   | Entered a bailey
 13222 | Bailey   | Gained mutation: You have an extremely huge brain. (Int +4)
                  | [demonic ancestry]
 13222 | Bailey   | Reached XP level 11. HP: 44/75 MP: 7/23
 13332 | Bailey   | Found a bloodstained altar of Trog.
 13405 | D:10     | Found a staircase to the Lair.
 14358 | Lair:1   | Entered Level 1 of the Lair of Beasts
 14689 | Lair:1   | Noticed a four-headed hydra
 14694 | Lair:1   | Killed a four-headed hydra
 15009 | Lair:1   | Noticed an oklob plant
 15015 | Lair:1   | Killed an oklob plant
 15423 | Lair:2   | Reached ****** piety under Cheibriados
 15743 | Lair:2   | Noticed an eight-headed hydra
 15748 | Lair:2   | Killed an eight-headed hydra
 15749 | Lair:2   | Reached skill level 10 in Spellcasting
 15844 | Lair:2   | Noticed a boulder beetle
 15850 | Lair:2   | Killed a boulder beetle
 15929 | Lair:2   | Found a hole to the Spider Nest.
 16178 | Lair:2   | Reached XP level 12. HP: 81/81 MP: 26/26
 16837 | Lair:3   | Noticed a catoblepas
 16841 | Lair:3   | Killed a catoblepas
 16842 | Lair:3   | Reached skill level 10 in Earth Magic
 17056 | Lair:3   | Noticed an eight-headed hydra
 17058 | Lair:3   | Killed an eight-headed hydra
 17156 | Lair:3   | Identified the +5 ring mail "Qairhi" {rF+}
 17173 | Lair:3   | Noticed a six-headed hydra
 17177 | Lair:3   | Killed a six-headed hydra
 17291 | Lair:3   | Noticed a catoblepas
 17296 | Lair:3   | Killed a catoblepas
 17432 | Lair:3   | Identified the ring "Fiyl" {MP-9 Str+5 Int+3 Slay+4}
 17487 | Lair:3   | Reached skill level 5 in Armour
 17801 | Lair:3   | Noticed a death yak
 17802 | Lair:3   | Noticed a death yak
 17802 | Lair:3   | Noticed a death yak
 17807 | Lair:3   | Killed a death yak
 17809 | Lair:3   | Killed a death yak
 17813 | Lair:3   | Killed a death yak
 18037 | Lair:3   | Found a staircase to the Shoals.
 18341 | Lair:3   | Found a runed translucent door.
 18565 | Lair:3   | Learned a level 2 spell: Blink
 18608 | Lair:4   | Noticed a death yak
 18609 | Lair:4   | Noticed a death yak
 18615 | Lair:4   | Killed a death yak
 18617 | Lair:4   | Noticed a death yak
 18624 | Lair:4   | Killed a death yak
 18636 | Lair:4   | Killed a death yak
 18637 | Lair:4   | Reached skill level 5 in Dodging
 18795 | Lair:4   | Reached XP level 13. HP: 88/88 MP: 28/28
 19098 | Lair:4   | Reached skill level 5 in Stealth
 19857 | Lair:5   | Entered Level 5 of the Lair of Beasts
 19857 | Lair:5   | Noticed Rupert
 19906 | Lair:5   | Paralysed by Rupert for 2 turns
 19921 | Lair:4   | Annihilated by Rupert

Illustrated notes

Levels and vault maps discovered:
D:1:      minmay_arrival_plants_in_alcoves, layout_basic
D:2:      layout_loops_ring, ebering_ecumenical_altar_mist, grunt_ministairs_7,
          minmay_cupped
D:3:      layout_basic, minmay_misc_feat_ornament, kennysheep_another_room,
          chequers_garden
D:4:      layout_loops_ring, lemuel_blue_sif_altar, minmay_temple_entry_fiery,
          kennysheep_generic_room_16
D:5:      layout_basic
D:6:      layout_basic, nicolae_ossuary_entry_catacombs, serial_shops,
          nicolae_shop_bloodbath_and_beyond, uniq_jeremiah
D:7:      layout_basic, st_stairs_5, dk_vineyard_3, uniq_maurice
D:8:      gammafunk_sealed_arena, layout_cave_pools,
          serial_library_hellmonk_small_alcove
D:9:      layout_small_grid, uniq_maggie
D:10:     layout_irregular_city, lair_entry_dummy, enter_bailey_4
Temple:   minmay_crystal_snake_temple
Lair:1:   layout_chaotic_city
Lair:2:   layout_layer_cave, spider_nest_entry_web_field, grunt_megastairs_3
Lair:3:   layout_gridlike, elwin_shoals_entry_stream,
          pdpol_lair_cabin_in_the_woods, serial_bayou_shore_a,
          grunt_megastairs_5
Lair:4:   layout_regular_city, nicolae_lair_grove_arrangements,
          infiniplex_staircase_pool, lemuel_fruit_tree
Lair:5:   minmay_lair_end_frog_pond, layout_regular_city, slime_entry_1,
          serial_forest, infiniplex_forest_straight_4,
          infiniplex_forest_straight_2, infiniplex_forest_diagonal,
          infiniplex_forest_lined_room_3, infiniplex_forest_diagonal,
          infiniplex_forest_straight_4, infiniplex_forest_end_1, uniq_josephine,
          uniq_rupert

Skill      XL: |  1  2  3  4  5  6  7  8  9 10 11 12 13 |
---------------+----------------------------------------+-----
Earth Magic    | 3 4 5 7 8 9 11 | 11.5
Dodging        | 2 3 4 5 |  5.2
Fighting       | 1 2 3 |  3.8
Short Blades   | 1 2 3 4 |  4.4
Spellcasting   | 3 4 5 6 7 8 10 11 | 11.2
Stealth        | 2 3 4 5 |  5.2
Conjurations   | 2 5 6 8 9 |  9.8
Armour         | 1 3 4 5 |  5.9
Evocations     | |  0.1

Action                     |  1- 3 |  4- 6 |  7- 9 | 10-12 | 13-15 || total
---------------------------+-------+-------+-------+-------+-------++-------
  Melee: Dagger            |    11 |       |       |       |       ||    11
         Rapier            |    43 |    50 |    47 |    64 |    14 ||   218
  Throw: Dart              |       |       |       |       |     1 ||     1
         Throwing net      |       |       |       |       |     1 ||     1
   Cast: Sandblast         |    49 |    32 |    56 |       |       ||   137
         Stone Arrow       |       |    21 |   111 |   338 |    34 ||   504
         Blink             |       |       |       |       |     1 ||     1
  Evoke: Wand              |     3 |       |       |       |     3 ||     6
    Use: Potion            |     1 |     1 |     4 |     1 |     1 ||     8
         Scroll            |       |     2 |    16 |     9 |       ||    27
   Stab: Sleeping          |     3 |     6 |     5 |     2 |     2 ||    18
 Armour: Robe              |    57 |    45 |    40 |       |       ||   142
         Ring mail         |       |       |    14 |   159 |    27 ||   200
  Dodge: Dodged            |    86 |    52 |   116 |   344 |    35 ||   633
